[Event "57th Biel Festival ATO 2024"]
[Site "Biel"]
[Date "2024.07.24"]
[Round "8.3"]
[White "Andrzejewska, Anna"]
[Black "Titov, Dmitrii"]
[Result "1/2-1/2"]
[ECO "B33"]
[WhiteElo "1933"]
[BlackElo "1899"]
[Annotator "RC"]
[PlyCount "111"]
[EventDate "2024.07.03"]
[EventType "swiss"]
[EventCountry "SUI"]
[SourceTitle "playchess.com"]
[Source "ChessBase"]
[SourceQuality "1"]
[TimeControl "40/5400+30:1800+30"]

1. e4 c5 2. Nf3 Nc6 3. d4 cxd4 4. Nxd4 Nf6 5. Nc3 e5 6. Ndb5 d6 7. Bg5 a6 8. Na3 b5 9. Nd5 Be7 10. Bxf6 Bxf6 11. c3 Bg5 12. Nc2 Be6 13. Nce3 O-O 14. a4 Rb8 15. axb5 axb5 16. h4 Bh6 17. Ra6 Bd7 18. Ng4 b4 19. Nxh6+ gxh6 20. cxb4 Nxb4 21. Rxd6 Nxd5 22. Rxd5 Rxb2 23. Be2 Qb8 24. O-O Bc6 25. Rd3 Bxe4 26. Rg3+ Kh8 27. Bf3 Rb1 28. Qe2 Rxf1+ 29. Qxf1 Bxf3 30. Rxf3 Qd6 31. Qd3 Qxd3 32. Rxd3 Kg7 33. g3 h5 34. Kg2 Kg6 35. Rd6+ f6 36. Kf3 Ra8 37. Rb6 Kf5 38. Rb7 Ra3+ 39. Ke2 Ra2+ 40. Kf3 e4+ 41. Ke3 Ra3+ 42. Ke2 h6 43. Rh7 Kg4 44. Rxh6 Rf3 45. Rg6+ Kh3 46. Rh6 Kg2 47. Rxh5 Rxf2+ 48. Ke3 Kxg3 49. Kxe4 Rf4+ 50. Ke3 Rf1 51. Ke2 Kg4 52. Kxf1 Kxh5 53. Kg2 Kxh4 54. Kf3 Kg5 55. Kg3 Kf5 56. Kf3 1/2-1/2

[Event "57th Biel Festival ATO 2024"]
[Site "Biel"]
[Date "2024.07.24"]
[Round "8.4"]
[White "Meshach, Felix"]
[Black "Jud, Marc"]
[Result "0-1"]
[ECO "B23"]
[WhiteElo "1773"]
[BlackElo "1925"]
[Annotator "ChessBase"]
[PlyCount "35"]
[EventDate "2024.07.03"]
[EventType "swiss"]
[EventCountry "SUI"]
[SourceTitle "playchess.com"]
[Source "ChessBase"]
[SourceQuality "1"]
[TimeControl "40/5400+30:1800+30"]

1. e4 c5 2. Nc3 d6 3. f4 Nc6 4. Nf3 e6 5. Bc4 Nf6 6. Bb3 Be7 7. d3 a6 8. a4 Qc7 9. O-O b6 10. f5 exf5 11. Ng5 Ne5 12. Nd5 Nxd5 13. Bxd5 Bb7 14. Rxf5 Bxg5 15. Rxg5 f6 16. Rg3 O-O-O 17. Rh3 h5 18. Rg3 0-1

[Event "57th Biel Festival ATO 2024"]
[Site "Biel"]
[Date "2024.07.24"]
[Round "8.5"]
[White "Noh, Jinwoo"]
[Black "Aegerter, Fabrice"]
[Result "1-0"]
[ECO "C28"]
[WhiteElo "1824"]
[BlackElo "1917"]
[Annotator "RC"]
[PlyCount "43"]
[EventDate "2024.07.03"]
[EventType "swiss"]
[EventCountry "SUI"]
[SourceTitle "playchess.com"]
[Source "ChessBase"]
[SourceQuality "1"]
[TimeControl "40/5400+30:1800+30"]

1. e4 e5 2. Bc4 Nf6 3. d3 Nc6 4. Nc3 Bb4 5. Nge2 d5 6. exd5 Nxd5 7. O-O Be6 8. Bxd5 Bxd5 9. f4 Be6 10. f5 Bd7 11. Ne4 f6 12. a3 Ba5 13. c4 b5 14. b4 Nxb4 15. axb4 Bxb4 16. N2c3 bxc4 17. dxc4 O-O 18. Nd5 c5 19. Ra6 Bc8 20. Rd6 Qa5 21. Qh5 Bb7 22. Nexf6+ 1-0

[Event "57th Biel Festival ATO 2024"]
[Site "Biel"]
[Date "2024.07.24"]
[Round "8.6"]
[White "Yu, Tianxiang Carlos"]
[Black "Wiesmann, Dominique"]
[Result "0-1"]
[ECO "B01"]
[WhiteElo "1769"]
[BlackElo "1963"]
[Annotator "RC"]
[PlyCount "134"]
[EventDate "2024.07.03"]
[EventType "swiss"]
[EventCountry "SUI"]
[SourceTitle "playchess.com"]
[Source "ChessBase"]
[SourceQuality "1"]
[TimeControl "40/5400+30:1800+30"]

1. e4 d5 2. exd5 Qxd5 3. Nf3 Bg4 4. Be2 Nc6 5. h3 Bxf3 6. Bxf3 Qe6+ 7. Qe2 Qxe2+ 8. Bxe2 O-O-O 9. O-O e5 10. d3 g6 11. c3 Bh6 12. Nd2 Nge7 13. Rd1 Nd5 14. g3 Rhe8 15. Nc4 Bxc1 16. Raxc1 f6 17. Bf3 Re7 18. a4 Red7 19. Rd2 Kb8 20. Kf1 Nb6 21. Nxb6 axb6 22. Bxc6 bxc6 23. Ke2 c5 24. Ke3 Kb7 25. b4 cxb4 26. cxb4 Ra8 27. Ra2 Rd4 28. Rc4 b5 29. Rxd4 exd4+ 30. Kxd4 Rxa4 31. Rb2 Kc6 32. Kc3 Ra3+ 33. Kd4 Kd6 34. f4 Ra4 35. Kc3 Ra3+ 36. Kd4 c6 37. g4 Ra1 38. f5 gxf5 39. gxf5 Rf1 40. Ke4 Rh1 41. Rg2 Rxh3 42. Rg8 Rh4+ 43. Ke3 Ke5 44. Rc8 Rxb4 45. Rxc6 Kxf5 46. Rc7 h5 47. Rh7 Rh4 48. Rb7 Rb4 49. Rh7 Kg6 50. Rh8 Rg4 51. d4 h4 52. d5 Kf7 53. Rh7+ Ke8 54. Kd3 b4 55. Ke3 b3 56. Kd2 Rc4 57. Rb7 Rc2+ 58. Kd3 Rg2 59. Ke4 b2 60. Kf5 h3 61. Ke6 Re2+ 62. Kxf6 h2 63. Rb8+ Kd7 64. Rb7+ Kd6 65. Rb6+ Kxd5 66. Rb5+ Kc4 67. Rh5 b1=Q 0-1

[Event "57th Biel Festival ATO 2024"]
[Site "Biel"]
[Date "2024.07.24"]
[Round "8.7"]
[White "Haas, Anthony"]
[Black "Oestmann, Lukas"]
[Result "0-1"]
[ECO "A62"]
[WhiteElo "1824"]
[BlackElo "1926"]
[Annotator "RC"]
[PlyCount "46"]
[EventDate "2024.07.03"]
[EventType "swiss"]
[EventCountry "SUI"]
[SourceTitle "playchess.com"]
[Source "ChessBase"]
[SourceQuality "1"]
[TimeControl "40/5400+30:1800+30"]

1. d4 Nf6 2. c4 c5 3. d5 e6 4. g3 exd5 5. cxd5 d6 6. Bg2 g6 7. Nc3 Bg7 8. Nf3 O-O 9. O-O Re8 10. Bf4 Ne4 11. Nxe4 Rxe4 12. Nd2 Rb4 13. a3 Rxf4 14. gxf4 Bxb2 15. Ra2 Bg7 16. e4 Nd7 17. Nc4 Nb6 18. Nxb6 axb6 19. Qe2 Qh4 20. Rb1 Qxf4 21. Rxb6 Be5 22. h3 Bxh3 23. Bxh3 Qh2+ 0-1

[Event "57th Biel Festival ATO 2024"]
[Site "Biel"]
[Date "2024.07.24"]
[Round "8.9"]
[White "Szelag, Zuzanna"]
[Black "Pantillon, Patrick Andre"]
[Result "1-0"]
[ECO "B03"]
[WhiteElo "1897"]
[BlackElo "1782"]
[Annotator "NA RC"]
[PlyCount "95"]
[EventDate "2024.07.03"]
[EventType "swiss"]
[EventCountry "SUI"]
[SourceTitle "playchess.com"]
[Source "ChessBase"]
[SourceQuality "1"]
[TimeControl "40/5400+30:1800+30"]

1. e4 Nf6 2. e5 Nd5 3. c4 Nb6 4. d4 d6 5. exd6 cxd6 6. Nc3 Nc6 7. Be3 g6 8. Rc1 Bg7 9. b3 Bf5 10. d5 Ne5 11. Be2 f6 12. f4 Nf7 13. Nf3 Bg4 14. Nd4 Bd7 15. Bg4 f5 16. Bf3 a5 17. Ne6 Bxe6 18. dxe6 Nh6 19. Bxb7 Rb8 20. Bc6+ Kf8 21. Bd4 Ng4 22. O-O Nf6 23. Rf2 Qc8 24. Bd5 Nbxd5 25. cxd5 Qb7 26. Rfc2 h5 27. h3 Ne8 28. Bxg7+ Kxg7 29. Ne2 Nf6 30. Rc7 Qb6+ 31. Kh1 Rhe8 32. Nd4 Ne4 33. Kh2 Nc5 34. Rc6 Qb7 35. Nf3 Qb4 36. Rc4 Qb7 37. Qd4+ Kh6 38. Ng5 Rbc8 39. Nf7+ Kh7 40. Rxc8 Rxc8 41. Rc3 Ne4 42. Rc6 Nf6 43. Rxc8 Qxc8 44. Nxd6 Qa8 45. Nc4 Nxd5 46. Ne5 Nf6 47. Nd7 Qe4 48. Nxf6+ 1-0

[Event "57th Biel Festival ATO 2024"]
[Site "Biel"]
[Date "2024.07.24"]
[Round "8.10"]
[White "Mohr, Jan"]
[Black "Schneuwly, Achim"]
[Result "0-1"]
[ECO "A43"]
[WhiteElo "1824"]
[BlackElo "1933"]
[Annotator "RC"]
[PlyCount "72"]
[EventDate "2024.07.03"]
[EventType "swiss"]
[EventCountry "SUI"]
[SourceTitle "playchess.com"]
[Source "ChessBase"]
[SourceQuality "1"]
[TimeControl "40/5400+30:1800+30"]

1. d4 c5 2. d5 e6 3. c4 exd5 4. cxd5 d6 5. Nc3 Ne7 6. e4 Ng6 7. h3 Be7 8. Bb5+ Bd7 9. Bxd7+ Nxd7 10. Nf3 O-O 11. O-O Bf6 12. Bd2 Re8 13. Qc2 a6 14. a4 Rb8 15. a5 b5 16. axb6 Rxb6 17. Ra2 Qb8 18. Rfa1 Rb4 19. Re1 Rb3 20. Rxa6 Rxb2 21. Qd3 Nde5 22. Nxe5 Nxe5 23. Qe2 c4 24. Rea1 Nd3 25. Nd1 Rc2 26. Ne3 Bxa1 27. Nxc2 Qb1+ 28. Be1 Bc3 29. Kf1 f5 30. f3 fxe4 31. Rxd6 Nxe1 32. Nxe1 Bxe1 33. Qxe1 Qd3+ 34. Qe2 exf3 35. Qxd3 fxg2+ 36. Kxg2 cxd3 0-1

[Event "57th Biel Festival ATO 2024"]
[Site "Biel"]
[Date "2024.07.24"]
[Round "8.11"]
[White "Kalbermatter, Philipp"]
[Black "Galopin, Clement"]
[Result "1-0"]
[ECO "C44"]
[WhiteElo "1912"]
[BlackElo "1816"]
[Annotator "RC"]
[PlyCount "79"]
[EventDate "2024.07.03"]
[EventType "swiss"]
[EventCountry "SUI"]
[SourceTitle "playchess.com"]
[Source "ChessBase"]
[SourceQuality "1"]
[TimeControl "40/5400+30:1800+30"]

1. e4 e5 2. Nf3 Nc6 3. c3 Nf6 4. d4 Nxe4 5. d5 Ne7 6. Nxe5 Ng6 7. Qe2 Nxe5 8. Qxe4 Qe7 9. f4 Ng4 10. Qxe7+ Bxe7 11. Be2 d6 12. O-O O-O 13. Re1 Re8 14. Bb5 Bf5 15. Bxe8 Rxe8 16. h3 Nf6 17. g4 Bd7 18. c4 c6 19. Nc3 Bd8 20. Rxe8+ Nxe8 21. Be3 a6 22. Re1 Kf8 23. Kg2 b5 24. cxb5 axb5 25. Kg3 b4 26. dxc6 Bxc6 27. Nd1 Ba5 28. b3 Nf6 29. Nf2 Nd5 30. Bd4 Nc7 31. Ne4 Nb5 32. Bb2 d5 33. Rc1 Bb7 34. Rc5 Ba6 35. Nd6 Nxd6 36. Rxa5 Bb7 37. Bd4 Ke7 38. Bc5 Kd7 39. Bxd6 Kxd6 40. Rb5 1-0

[Event "57th Biel Festival ATO 2024"]
[Site "Biel"]
[Date "2024.07.24"]
[Round "8.12"]
[White "Leuenberger, Urs"]
[Black "Schaer, Bryan"]
[Result "1/2-1/2"]
[ECO "D30"]
[WhiteElo "1903"]
[BlackElo "1803"]
[Annotator "ChessBase"]
[PlyCount "53"]
[EventDate "2024.07.03"]
[EventType "swiss"]
[EventCountry "SUI"]
[SourceTitle "playchess.com"]
[Source "ChessBase"]
[SourceQuality "1"]
[TimeControl "40/5400+30:1800+30"]

1. d4 e6 2. c4 d5 3. g3 a6 4. b3 Nf6 5. Bg2 Bb4+ 6. Bd2 Be7 7. Nf3 O-O 8. O-O Ne4 9. Nc3 Nxd2 10. Qxd2 dxc4 11. bxc4 c5 12. d5 Bf6 13. Rab1 Bxc3 14. Qxc3 exd5 15. cxd5 Qxd5 16. Nh4 Qxa2 17. Bxb7 Bxb7 18. Rxb7 Qd5 19. Rc7 Nc6 20. Nf5 Qxf5 21. Rxc6 Rfc8 22. e4 Qxe4 23. Rc7 h6 24. Rc1 Qb1 25. Kg2 g6 26. h4 h5 27. Kh2 1/2-1/2

[Event "57th Biel Festival ATO 2024"]
[Site "Biel"]
[Date "2024.07.24"]
[Round "8.13"]
[White "Papaux, Jeremie"]
[Black "Jordan, Theodor"]
[Result "1-0"]
[ECO "A06"]
[WhiteElo "1814"]
[BlackElo "1894"]
[Annotator "NA RC"]
[PlyCount "41"]
[EventDate "2024.07.03"]
[EventType "swiss"]
[EventCountry "SUI"]
[SourceTitle "playchess.com"]
[Source "ChessBase"]
[SourceQuality "1"]
[TimeControl "40/5400+30:1800+30"]

1. Nf3 d5 2. e3 c5 3. b3 Nc6 4. Bb2 Bf5 5. Bb5 Nf6 6. O-O Bg4 7. h3 Bxf3 8. Qxf3 a6 9. Bxc6+ bxc6 10. d3 Qc7 11. Nd2 e5 12. e4 Bd6 13. exd5 cxd5 14. c4 O-O 15. cxd5 Rad8 16. Nc4 Rfe8 17. Rfe1 Nd7 18. Bc3 Qa7 19. Nxd6 Rf8 20. Nf5 f6 21. Ne7+ 1-0

[Event "57th Biel Festival ATO 2024"]
[Site "Biel"]
[Date "2024.07.24"]
[Round "8.14"]
[White "Wenger, Arejou"]
[Black "Kim, Donghan"]
[Result "1/2-1/2"]
[ECO "B29"]
[WhiteElo "1875"]
[BlackElo "1746"]
[Annotator "NA"]
[PlyCount "86"]
[EventDate "2024.07.03"]
[EventType "swiss"]
[EventCountry "SUI"]
[SourceTitle "playchess.com"]
[Source "ChessBase"]
[SourceQuality "1"]
[TimeControl "40/5400+30:1800+30"]

1. e4 c5 2. Nf3 Nf6 3. e5 Nd5 4. Nc3 Nxc3 5. dxc3 e6 6. Bf4 Qc7 7. Qd2 Nc6 8. O-O-O b6 9. Bd3 Bb7 10. Qe3 h6 11. h4 O-O-O 12. Be4 b5 13. Rd2 Qb6 14. Rhd1 Kc7 15. Bg3 Be7 16. Ng1 a5 17. f4 g6 18. Bf2 b4 19. Ne2 h5 20. c4 Ba6 21. b3 Bb7 22. Rd3 Qa7 23. Qd2 Nb8 24. Bxb7 Qxb7 25. Rg1 Qc6 26. Qe3 f5 27. Rgd1 Na6 28. Ng1 Rh7 29. Nf3 Rg7 30. Qd2 Bf8 31. Ng5 Ra8 32. Be3 Nb8 33. Bg1 Ra7 34. Qf2 Na6 35. R1d2 Kc8 36. Qe1 Rc7 37. Qd1 Nb8 38. Bf2 Be7 39. Qg1 a4 40. Qd1 Kb7 41. Qg1 Kc8 42. Qd1 Qa8 43. Qg1 Qc6 1/2-1/2

[Event "57th Biel Festival ATO 2024"]
[Site "Biel"]
[Date "2024.07.24"]
[Round "8.15"]
[White "Gafner, Lancelot"]
[Black "Kim, Yejun"]
[Result "0-1"]
[ECO "B78"]
[WhiteElo "1864"]
[BlackElo "1642"]
[Annotator "NA RC"]
[PlyCount "74"]
[EventDate "2024.07.03"]
[EventType "swiss"]
[EventCountry "SUI"]
[SourceTitle "playchess.com"]
[Source "ChessBase"]
[SourceQuality "1"]
[TimeControl "40/5400+30:1800+30"]

1. e4 c5 2. Nf3 d6 3. d4 cxd4 4. Nxd4 Nf6 5. Nc3 g6 6. Be3 Bg7 7. f3 O-O 8. Qd2 Nc6 9. Bc4 Bd7 10. O-O-O Rc8 11. Bb3 Ne5 12. h4 h5 13. g4 hxg4 14. h5 Nxh5 15. Bh6 Rc5 16. Bxg7 Kxg7 17. Rxh5 gxh5 18. Qg5+ Ng6 19. Nf5+ Bxf5 20. exf5 e6 21. Qxd8 Rxd8 22. fxg6 Kxg6 23. fxg4 hxg4 24. Rg1 Rg5 25. Ne4 d5 26. Nxg5 Kxg5 27. Kd2 f5 28. c3 e5 29. Bd1 Rh8 30. Rg2 Rh4 31. Ke1 Rh1+ 32. Kd2 e4 33. Be2 Rh4 34. Ke1 f4 35. Bf1 f3 36. Rg1 Rh2 37. c4 f2+ 0-1

[Event "57th Biel Festival ATO 2024"]
[Site "Biel"]
[Date "2024.07.24"]
[Round "8.16"]
[White "Akhmediyar, Yernur"]
[Black "Jaggy, Enzo"]
[Result "1-0"]
[ECO "D10"]
[WhiteElo "1751"]
[BlackElo "1835"]
[Annotator "NA RC"]
[PlyCount "33"]
[EventDate "2024.07.03"]
[EventType "swiss"]
[EventCountry "SUI"]
[SourceTitle "playchess.com"]
[Source "ChessBase"]
[SourceQuality "1"]
[TimeControl "40/5400+30:1800+30"]

1. c4 c6 2. d4 d5 3. cxd5 cxd5 4. Bf4 Nf6 5. Nc3 e6 6. e3 a6 7. Bd3 Bd6 8. Bg3 O-O 9. Nf3 Bxg3 10. hxg3 b5 11. Ne5 Bb7 12. Bxh7+ Kh8 13. Bg6+ Kg8 14. Bxf7+ Rxf7 15. Rh8+ Kxh8 16. Nxf7+ Kg8 17. Nxd8 1-0

[Event "57th Biel Festival ATO 2024"]
[Site "Biel"]
[Date "2024.07.24"]
[Round "8.17"]
[White "Jordan, Christina"]
[Black "Conrad, Vincent"]
[Result "0-1"]
[ECO "C10"]
[WhiteElo "1749"]
[BlackElo "1931"]
[Annotator "ChessBase"]
[PlyCount "128"]
[EventDate "2024.07.03"]
[EventType "swiss"]
[EventCountry "SUI"]
[SourceTitle "playchess.com"]
[Source "ChessBase"]
[SourceQuality "1"]
[TimeControl "40/5400+30:1800+30"]

1. e4 e6 2. d4 d5 3. Nc3 Nc6 4. Bb5 a6 5. Ba4 b5 6. Bb3 Nf6 7. Bg5 Be7 8. exd5 Nxd5 9. Bxd5 exd5 10. Bxe7 Nxe7 11. Nf3 Bg4 12. Qd3 f6 13. O-O Qd7 14. h3 Bf5 15. Qe2 O-O 16. Nh4 Rfe8 17. Nxf5 Nxf5 18. Qd2 c6 19. Rfe1 Kf7 20. a4 b4 21. Ne2 a5 22. Nf4 Nd6 23. Nd3 Ne4 24. Qf4 Kg8 25. f3 Ng5 26. Nc5 Qf7 27. Qd6 Qg6 28. Kh1 Qh5 29. Kh2 Qh4 30. Qg3 Qxd4 31. Nb3 Qa7 32. Qd6 Qf2 33. Rxe8+ Rxe8 34. Qf4 Qxc2 35. Nd4 Qxb2 36. Rg1 Qc3 37. h4 Ne6 38. Nxe6 Rxe6 39. Qg4 Qe5+ 40. Kh1 f5 41. Qg5 Qf6 42. Qf4 Re5 43. Rc1 Qd6 44. Qd4 Re2 45. Qd3 Qe6 46. Qa6 Re1+ 47. Rxe1 Qxe1+ 48. Kh2 Qxh4+ 49. Kg1 Qe1+ 50. Kh2 Qe5+ 51. Kh1 Qc7 52. Qe2 Kf7 53. Qd3 Qc8 54. Qd4 Qb7 55. Qe5 g6 56. Qh8 Ke6 57. Qe8+ Kd6 58. Qd8+ Kc5 59. Qxa5+ Kc4 60. Qd8 b3 61. Qe8 b2 62. Qe2+ Kb3 63. Qd1+ Ka2 64. Qe2 Qb3 0-1

[Event "57th Biel Festival ATO 2024"]
[Site "Biel"]
[Date "2024.07.24"]
[Round "8.18"]
[White "Bangerter, Daria"]
[Black "Lachausse, Bruno"]
[Result "1-0"]
[ECO "B22"]
[WhiteElo "1931"]
[BlackElo "1787"]
[Annotator "RC"]
[PlyCount "67"]
[EventDate "2024.07.03"]
[EventType "swiss"]
[EventCountry "SUI"]
[SourceTitle "playchess.com"]
[Source "ChessBase"]
[SourceQuality "1"]
[TimeControl "40/5400+30:1800+30"]

1. e4 c5 2. Nf3 e6 3. c3 d5 4. exd5 Qxd5 5. d4 Nf6 6. Be3 cxd4 7. cxd4 Nc6 8. Nc3 Bb4 9. a3 Bxc3+ 10. bxc3 O-O 11. Be2 b5 12. O-O Bb7 13. Rb1 a6 14. c4 Qd6 15. cxb5 axb5 16. Rxb5 Ba6 17. Rb6 Bxe2 18. Qxe2 Nd5 19. Rb7 Qxa3 20. Ng5 h6 21. Ne4 Qa4 22. Qg4 Kh8 23. Nc5 Nf6 24. Qh4 Qc4 25. Bxh6 Nh7 26. Be3 e5 27. Rc1 Qd5 28. Rd7 Qa2 29. Ne4 Kg8 30. Rxc6 Qb2 31. Rdc7 exd4 32. Bc1 Qe2 33. h3 f5 34. Qe7 1-0

[Event "57th Biel Festival ATO 2024"]
[Site "Biel"]
[Date "2024.07.24"]
[Round "8.19"]
[White "Retti, Marco"]
[Black "Voet, Dirk"]
[Result "1/2-1/2"]
[ECO "B27"]
[WhiteElo "1772"]
[BlackElo "1869"]
[Annotator "NA"]
[PlyCount "32"]
[EventDate "2024.07.03"]
[EventType "swiss"]
[EventCountry "SUI"]
[SourceTitle "playchess.com"]
[Source "ChessBase"]
[SourceQuality "1"]
[TimeControl "40/5400+30:1800+30"]

1. e4 g6 2. d4 Bg7 3. Nc3 c5 4. Be3 Qa5 5. Nf3 Nf6 6. Qd2 cxd4 7. Bxd4 Nc6 8. Bd3 O-O 9. h3 Qb4 10. Ne2 Qxd2+ 11. Kxd2 Nxd4 12. Nexd4 b6 13. c3 Rd8 14. Rae1 Nh5 15. Rhg1 e6 16. g3 Bh6+ 1/2-1/2

[Event "57th Biel Festival ATO 2024"]
[Site "Biel"]
[Date "2024.07.24"]
[Round "8.20"]
[White "Hansen, Michael Bo"]
[Black "Keymer, Cecilia"]
[Result "0-1"]
[ECO "D10"]
[WhiteElo "1759"]
[BlackElo "1865"]
[Annotator "NA RC"]
[PlyCount "60"]
[EventDate "2024.07.03"]
[EventType "swiss"]
[EventCountry "SUI"]
[SourceTitle "playchess.com"]
[Source "ChessBase"]
[SourceQuality "1"]
[TimeControl "40/5400+30:1800+30"]

1. d4 d5 2. c4 c6 3. cxd5 cxd5 4. Bg5 f6 5. Bd2 Nc6 6. e3 Bf5 7. Nc3 e6 8. Nh3 g5 9. g4 Bg6 10. f4 h6 11. Nf2 gxf4 12. exf4 Nxd4 13. Qa4+ Nc6 14. Bb5 Nge7 15. Ne2 a6 16. Bxc6+ Nxc6 17. Nd4 Qd7 18. Rc1 Nxd4 19. Qxd4 Kf7 20. Bc3 Bg7 21. g5 hxg5 22. Ng4 e5 23. fxe5 Qe6 24. Nxf6 Rh4 25. Qd2 Bxf6 26. O-O Rg4+ 27. Kf2 Rf4+ 28. Qxf4 gxf4 29. exf6 Qe3+ 30. Kg2 Be4+ 0-1

[Event "57th Biel Festival ATO 2024"]
[Site "Biel"]
[Date "2024.07.24"]
[Round "8.21"]
[White "Bracher, Juerg"]
[Black "Suwendo, Poedjo"]
[Result "1-0"]
[ECO "A45"]
[WhiteElo "1864"]
[BlackElo "1727"]
[Annotator "NA"]
[PlyCount "49"]
[EventDate "2024.07.03"]
[EventType "swiss"]
[EventCountry "SUI"]
[SourceTitle "playchess.com"]
[Source "ChessBase"]
[SourceQuality "1"]
[TimeControl "40/5400+30:1800+30"]

1. d4 Nf6 2. Bf4 d6 3. e3 c6 4. h3 Nbd7 5. Nf3 Nd5 6. Bh2 b5 7. Bd3 g6 8. O-O Bg7 9. c3 Bb7 10. a4 a6 11. Nbd2 O-O 12. Qe2 bxa4 13. Rxa4 a5 14. Rfa1 f5 15. Ng5 Rf6 16. e4 h6 17. e5 hxg5 18. exf6 Bxf6 19. Qe6+ Kg7 20. Nc4 Nf8 21. Qe2 Nb6 22. f3 Ne6 23. Kh1 Nxd4 24. Qxe7+ Kh6 25. h4 1-0

[Event "57th Biel Festival ATO 2024"]
[Site "Biel"]
[Date "2024.07.24"]
[Round "8.22"]
[White "Kuenzi, Anton"]
[Black "Lang, Jochen"]
[Result "1-0"]
[ECO "A07"]
[WhiteElo "1862"]
[BlackElo "1755"]
[Annotator "NA RC"]
[PlyCount "57"]
[EventDate "2024.07.03"]
[EventType "swiss"]
[EventCountry "SUI"]
[SourceTitle "playchess.com"]
[Source "ChessBase"]
[SourceQuality "1"]
[TimeControl "40/5400+30:1800+30"]

1. Nf3 d5 2. b3 Nf6 3. Bb2 Bf5 4. g3 h6 5. Bg2 e6 6. O-O Nbd7 7. d3 Be7 8. Nbd2 c6 9. e4 Bh7 10. e5 Ng8 11. Bh3 c5 12. d4 b6 13. c4 g5 14. cxd5 f5 15. Nxg5 hxg5 16. Qh5+ Kf8 17. dxe6 Qe8 18. Qxe8+ Kxe8 19. exd7+ Kxd7 20. d5 Kc8 21. d6 Bd8 22. Bg2 Rb8 23. Bc6 Bg6 24. e6 Bf6 25. e7 Bxb2 26. d7+ Kc7 27. e8=Q Bxe8 28. dxe8=Q Rxe8 29. Bxe8 1-0

[Event "57th Biel Festival ATO 2024"]
[Site "Biel"]
[Date "2024.07.24"]
[Round "8.23"]
[White "Ernst, Heinz"]
[Black "Trubini, Timon"]
[Result "1-0"]
[ECO "E75"]
[WhiteElo "1830"]
[BlackElo "1714"]
[Annotator "NA RC"]
[PlyCount "59"]
[EventDate "2024.07.03"]
[EventType "swiss"]
[EventCountry "SUI"]
[SourceTitle "playchess.com"]
[Source "ChessBase"]
[SourceQuality "1"]
[TimeControl "40/5400+30:1800+30"]

1. d4 Nf6 2. c4 g6 3. Nc3 Bg7 4. e4 d6 5. Be2 O-O 6. Bg5 c5 7. d5 e6 8. h3 Re8 9. Nf3 exd5 10. exd5 Qb6 11. Qd2 Bf5 12. O-O Ne4 13. Nxe4 Bxe4 14. Rae1 Nd7 15. b3 Ne5 16. Nxe5 Rxe5 17. Bf4 Ree8 18. Bd3 Bxd3 19. Qxd3 Qc7 20. Re4 Qd7 21. Rfe1 Kf8 22. Qg3 f5 23. Bxd6+ Kg8 24. Rxe8+ Rxe8 25. Rxe8+ Qxe8 26. Qe3 Qd8 27. Qe6+ Kh8 28. Bxc5 h6 29. b4 Qg5 30. Qe2 1-0

[Event "57th Biel Festival ATO 2024"]
[Site "Biel"]
[Date "2024.07.24"]
[Round "8.24"]
[White "Bangerter, Ena"]
[Black "Nergard, Ole-Kristian"]
[Result "0-1"]
[ECO "A48"]
[WhiteElo "1771"]
[BlackElo "1830"]
[Annotator "NA"]
[PlyCount "110"]
[EventDate "2024.07.03"]
[EventType "swiss"]
[EventCountry "SUI"]
[SourceTitle "playchess.com"]
[Source "ChessBase"]
[SourceQuality "1"]
[TimeControl "40/5400+30:1800+30"]

1. d4 Nf6 2. Nf3 g6 3. Bf4 Bg7 4. e3 O-O 5. h3 d6 6. Be2 b6 7. O-O Bb7 8. Nbd2 Nbd7 9. c3 Re8 10. Nc4 Ne4 11. a4 a5 12. Bh2 e5 13. Re1 f5 14. Qb3 Bd5 15. Rad1 exd4 16. exd4 Kh8 17. Qc2 Ndf6 18. Bd3 Qd7 19. Ne3 Bc6 20. b3 b5 21. axb5 Bxb5 22. c4 Bc6 23. d5 Bb7 24. Nd2 Nxd2 25. Rxd2 Ne4 26. Bxe4 Rxe4 27. Rb1 Bd4 28. Nf1 Rae8 29. Qa2 Bc3 30. Rc2 Bb4 31. Qa1+ Qg7 32. Qxg7+ Kxg7 33. f3 Bc5+ 34. Kh1 Re1 35. Rcc1 R1e2 36. Bg1 Bb4 37. Bd4+ Kf7 38. Bc3 Bxc3 39. Rxc3 Ra2 40. Re3 Rxe3 41. Nxe3 Kf6 42. Nd1 Rc2 43. Kh2 f4 44. Ra1 c6 45. Rxa5 cxd5 46. cxd5 Ke5 47. b4 Bxd5 48. h4 Kd4 49. Kh3 Rd2 50. Ra1 Bb3 51. b5 Bxd1 52. b6 Bc2 53. g4 Bd3 54. Ra4+ Kc5 55. Rb4 Bf1# 0-1

[Event "57th Biel Festival ATO 2024"]
[Site "Biel"]
[Date "2024.07.24"]
[Round "8.25"]
[White "Paholok, Igor"]
[Black "Svendsen, Hannelore"]
[Result "1-0"]
[ECO "B12"]
[WhiteElo "1801"]
[BlackElo "1753"]
[Annotator "NA RC"]
[PlyCount "93"]
[EventDate "2024.07.03"]
[EventType "swiss"]
[EventCountry "SUI"]
[SourceTitle "playchess.com"]
[Source "ChessBase"]
[SourceQuality "1"]
[TimeControl "40/5400+30:1800+30"]

1. e4 c6 2. d4 d5 3. f3 e6 4. e5 Nd7 5. Be2 c5 6. c3 Qb6 7. f4 cxd4 8. cxd4 Bb4+ 9. Nc3 Ne7 10. Nf3 Qc7 11. Bd2 Bxc3 12. Bxc3 Nf5 13. Kf2 Qd8 14. h4 h5 15. Ng5 g6 16. Rh3 a5 17. Qh1 b6 18. g4 Ng7 19. gxh5 Nxh5 20. Ke3 Ba6 21. Bxa6 Rxa6 22. Qf1 Qc8 23. Qd3 Qc4 24. Qxc4 dxc4 25. Ne4 Ke7 26. Nd6 Ng7 27. Nxc4 Nf5+ 28. Kd3 Rh5 29. Rah1 Ra8 30. Ne3 Nxe3 31. Kxe3 b5 32. Rc1 Nb6 33. Ke4 Nd5 34. Be1 Rf5 35. Bg3 Kd7 36. Rh2 Rc8 37. Rxc8 Kxc8 38. Rc2+ Kb7 39. Rc5 Kb6 40. Rc8 Kb7 41. Rd8 b4 42. Rxd5 exd5+ 43. Kxd5 Rh5 44. Kd6 a4 45. d5 Kc8 46. Ke7 Rf5 47. d6 1-0

[Event "57th Biel Festival ATO 2024"]
[Site "Biel"]
[Date "2024.07.24"]
[Round "8.27"]
[White "Richard, Jean-Paul"]
[Black "Bachmann Daniel"]
[Result "0-1"]
[ECO "C00"]
[WhiteElo "1796"]
[BlackElo "1713"]
[Annotator "NA RC"]
[PlyCount "104"]
[EventDate "2024.07.03"]
[EventType "swiss"]
[EventCountry "SUI"]
[SourceTitle "playchess.com"]
[Source "ChessBase"]
[SourceQuality "1"]
[TimeControl "40/5400+30:1800+30"]

1. e4 e6 2. Nf3 d5 3. e5 c5 4. b4 d4 5. bxc5 Bxc5 6. Bd3 Bd7 7. Be4 Bc6 8. Qe2 f5 9. exf6 Qxf6 10. d3 h6 11. O-O Kf7 12. Ba3 Bxa3 13. Nxa3 Ne7 14. Nc4 Rd8 15. Nfe5+ Kg8 16. Nxc6 Nbxc6 17. Rab1 Rab8 18. Bxc6 Nxc6 19. Rfe1 b5 20. Ne5 Rd6 21. Qe4 Nxe5 22. Qxe5 Qxe5 23. Rxe5 a6 24. Rc5 Rbb6 25. Re1 Rbc6 26. Ree5 Kf7 27. Kf1 Ke7 28. Ke2 Kd7 29. Kf3 Kc7 30. Ke4 Kb6 31. Rxc6+ Rxc6 32. Kxd4 Rxc2 33. Rxe6+ Ka5 34. Rg6 Rxa2 35. f4 b4 36. Kc4 Rc2+ 37. Kb3 Rc3+ 38. Kb2 Rc7 39. Rd6 Kb5 40. Kb3 a5 41. Rd5+ Rc5 42. Rd7 a4+ 43. Ka2 Rc2+ 44. Kb1 b3 45. Rxg7 Kb4 46. f5 Ka3 47. f6 Rf2 48. Kc1 b2+ 49. Kb1 Rf1+ 50. Kc2 b1=Q+ 51. Kc3 Qb4+ 52. Kc2 Rf2+ 0-1